 Dungeon Crawl Stone Soup version 0.31.0-32-g396128a36d (webtiles) character file.

Game seed: 10086196150721803868

49 H0rd4k the Charlatan (level 3, -1/24 HPs)
             Began as an Octopode Artificer on Apr 16, 2024.
             Slain by a quokka (5 damage)
             ... on level 2 of the Dungeon.
             The game lasted 00:01:08 (1073 turns).

H0rd4k the Charlatan (Octopode Artificer)           Turns: 1073, Time: 00:01:08

Health: -1/24      AC:  1    Str: 11    XL:     3   Next: 75%
Magic:  3/3        EV: 13    Int: 15    God:
Gold:   7          SH:  0    Dex: 12    Spells: 2/2 levels left

rFire   . .          .
                       - Unarmed
rCold   . . .        (no shield)
rNeg    . . .        (helmet restricted)
rPois   .            (no amulet)
rElec   .            (no ring)
rCorr   .            (no ring)
SInv    .            (no ring)
Will    .....        (no ring)
Stlth   +++          (no ring)
HPRegen 0.24/turn    (no ring)
MPRegen 0.08/turn    (no ring)
                     (no ring)

%: no passive effects
@: no status effects
A: almost no armour, amphibious, 8 rings, camouflage 1, gelatinous body 1,
(nimble swimmer 1), tentacles
a: no special abilities


You were on level 2 of the Dungeon.
You visited 1 branch of the dungeon, and saw 2 of its levels.

You collected 7 gold pieces.

Inventory:

Wands
 b - a wand of flame (15) (quivered)
 c - a wand of charming (15)
 d - a wand of iceblast (5)
Scrolls
 e - a scroll of enchant weapon {unknown}
 f - a scroll of enchant armour {unknown}
 g - a scroll of immolation {unknown}
 h - a scroll of vulnerability {unknown}
 i - a scroll of blinking {unknown}
 j - a scroll of noise {unknown}
Potions
 a - a potion of attraction {unknown}


   Skills:
 + Level 1.6 Fighting
 - Level 2.3 Dodging
 - Level 1.3 Stealth
 + Level 2.9 Unarmed Combat
 - Level 3.2 Evocations


You had 2 spell levels left.
You didn't know any spells.
Your spell library was empty.

Dungeon Overview and Level Annotations

Branches:
Dungeon (2/15)

Altars:


Innate Abilities, Weirdness & Mutations

You cannot wear most types of armour.
You are amphibious.
You can wear up to eight rings at the same time.
Your skin changes colour to match your surroundings (Stealth+).
Your rubbery body absorbs attacks. (AC +1, EV +1)
((You are camouflaged when in or above water. (Stealth+)))
You have tentacles for arms and can constrict up to eight enemies at once.


Message History

A quokka comes into view.
There are monsters nearby!
The ribbon worm bites you.
You tentacle-slap the ribbon worm. You grab the ribbon worm.
The ribbon worm is lightly wounded.
You constrict the ribbon worm. The ribbon worm bites you!
You tentacle-slap the ribbon worm. x2
The ribbon worm is moderately wounded.
You constrict the ribbon worm.
The ribbon worm expels a string of sticky webbing.
The stream of webbing hits you but does no damage.
You are caught in a web!
You are caught in a web!
The web tears apart.
You constrict the ribbon worm. The quokka closely misses you.
The ribbon worm expels a string of sticky webbing.
The stream of webbing hits you but does no damage.
You are caught in a web!
The quokka barely misses you.
You struggle to detach yourself from the web.
You constrict the ribbon worm. The quokka closely misses you.
You struggle to detach yourself from the web.
You constrict the ribbon worm. The ribbon worm bites you.
The quokka barely misses you.
The web tears apart.
You constrict the ribbon worm. The quokka barely misses you.
The ribbon worm expels a string of sticky webbing.
The stream of webbing hits you but does no damage.
You are caught in a web!
The web tears apart.
You constrict the ribbon worm. The quokka bites you.
The ribbon worm barely misses you.
You tentacle-slap the ribbon worm.
The ribbon worm is almost dead.
You constrict the ribbon worm.
You kill the ribbon worm!
The quokka closely misses you.
You barely miss the quokka. Your grab misses the quokka.
The quokka completely misses you. The quokka bites you.
* * * LOW HITPOINT WARNING * * *
You barely miss the quokka. Your grab misses the quokka. The quokka bites you.
You die...

. ....# .. #.....######
... #. ........#####...
#.#####............ #
#.#...###..........
#.#.#......#.........
#.#..r###.#.##.........
#....†@.....†.>........
#....####.#.#..........
#..... #...#..........
....
..###..###......... ...
...#......####.### ..
#..#.####.# .# .
#..#...<#.# # #..#...
#.##...#
#..#.####.##.#.##


You could see a quokka.

Vanquished Creatures
  An adder (D:2)
  A ribbon worm (D:2)
  2 dart slugs (D:1)
  2 ball pythons
  6 endoplasms (D:1)
  2 giant cockroaches (D:1)
  2 hobgoblins (D:1)
  2 jackals (D:2)
  5 bats (D:1)
  2 frilled lizards (D:1)
  3 kobolds (D:1)
  5 rats
33 creatures vanquished.

Notes
Turn   | Place    | Note
-------+----------+-------------------------------------------
     0 | D:1      | H0rd4k the Octopode Artificer began the quest for the Orb.
     0 | D:1      | Reached XP level 1. HP: 13/13 MP: 1/1
   103 | D:1      | Reached skill level 1 in Unarmed Combat
   103 | D:1      | Reached XP level 2. HP: 16/18 MP: 2/2
   631 | D:1      | Reached XP level 3. HP: 22/23 MP: 3/3
  1073 | D:2      | Slain by a quokka

Illustrated notes

Levels and vault maps discovered:
D:1:      doesnt_arrival_eight_statues, layout_basic, minmay_misc_feat_tower,
          kennysheep_decorative_pillar, serial_bayou_lake_a
D:2:      layout_basic, roderic_lattice_a

Skill      XL: |  1  2 |
---------------+-------+-----
Unarmed Combat | 1 2 |  2.9
Fighting       | |  1.6
Dodging        | |  2.3
Stealth        | |  1.3
Evocations     | |  3.2

Action                     || total
---------------------------++-------
  Melee: Unarmed           ||    75
         Tentacles         ||    21
         Constrict         ||    17
         Punch             ||     3
   Stab: Sleeping          ||    13
 Armour: Skin              ||    28
  Dodge: Dodged            ||    44
